 Dungeon Crawl Stone Soup version 0.19.0-2-gae57169 (webtiles) character file.

459 lorenzova the Magician (level 6, -2/48 HPs)
             Began as a Deep Elf Conjurer on Nov 6, 2016.
             Was a Follower of Sif Muna.
             Succumbed to dvd's ghost's toxic radiance
             ... on level 4 of the Dungeon.
             The game lasted 00:05:59 (4200 turns).

lorenzova the Magician (Deep Elf Conjurer)          Turns: 4200, Time: 00:06:00

Health: -2/48      AC: 23    Str:  5    XL:     6   Next: 78%
Magic:  1/18       EV:  2    Int: 22    God:    Sif Muna [*.....]
Gold:   126        SH:  0    Dex: 15    Spells: 3 memorised, 9 levels left

rFire  + . .     SeeInvis .     o - -2 trident (curse)
rCold  . . .     Gourm    .     (armour currently unavailable)
rNeg   + + +     Faith    .     (no shield)
rPois  +         Spirit   .     (helmet currently unavailable)
rElec  .         Reflect  .     (cloak currently unavailable)
rCorr  .         Harm     .     (gloves currently unavailable)
MR     .....     NoTele   +     (boots currently unavailable)
Stlth  ++........               (no amulet)
                                (no ring)
                                v - ring of protection from fire

@: lethally poisoned (-2 -> -38), tree-form, very slightly contaminated, hasted,
very quick
A: no striking features
a: Divine Energy, Renounce Religion


You were on level 4 of the Dungeon.
You worshipped Sif Muna.
Sif Muna was aware of your devotion.
You were very hungry.
You were a tree.
You visited 1 branch of the dungeon, and saw 5 of its levels.

You collected 126 gold pieces.

Inventory:

Hand Weapons
 i - a +0 short sword
 o - a cursed -2 trident (weapon)
Armour
 a - a +0 robe (melded)
 w - a +2 pair of boots (melded)
Jewellery
 v - a ring of protection from fire (left branch)
 y - an uncursed ring of protection from fire
Scrolls
 d - a scroll of noise {unknown}
 e - 2 scrolls of random uselessness {unknown}
 f - 2 scrolls of remove curse {unknown}
 j - 4 scrolls of identify {unknown}
 k - 2 scrolls of magic mapping {unknown}
 n - 2 scrolls of enchant armour {unknown}
 q - a scroll of amnesia {unknown}
 t - a scroll of enchant weapon {unknown}
 x - a scroll of fear {unknown}
Potions
 g - 2 potions of lignification
 l - a potion of mutation {unknown}
 m - a potion of ambrosia {unknown}
 p - a potion of haste
 r - 2 potions of curing {unknown}
 u - a potion of brilliance {unknown}
 z - a potion of might {unknown}
Books
 b - a book of Conjurations

   Spells                             Type                      Level
   a - Magic Dart                     Conjuration                  1
   b - Searing Ray                    Conjuration                  2
   c - Dazzling Spray                 Conjuration/Hexes            3
   d - Fulminant Prism                Conjuration/Hexes            4
   e - Iskenderun's Mystic Blast      Conjuration                  4
   f - Iskenderun's Battlesphere      Conjuration/Charms           5
Comestibles
 c - 4 bread rations
 h - 2 meat rations
 s - a beef jerky


   Skills:
 - Level 2.4 Dodging
 - Level 2.4 Stealth
 * Level 7.2 Spellcasting
 * Level 6.8 Conjurations
 + Level 2.0 Charms


You had 9 spell levels left.
You knew the following spells:

 Your Spells              Type           Power        Failure   Level  Hunger
a - Magic Dart            Conj           ####         1%          1    None
b - Iskenderun's Battles  Conj/Chrm      ####....     38%         5    #####..
c - Iskenderun's Mystic   Conj           #####...     6%          4    ###....


Dungeon Overview and Level Annotations

Branches:
Dungeon (5/15)
 Temple: D:4-7

Altars:
Ashenzari
Elyvilon
Kikubaaqudgha
Makhleb
Nemelex Xobeh
Sif Muna

Annotations:
D:5 dvd's ghost, novice OpVM


Message History

Dvd's ghost is severely damaged.
You feel very sick.
You are more poisoned.
Dvd's ghost barely misses you.
You feel very sick.
* * * LOW HITPOINT WARNING * * *
You are more poisoned.
Dvd's ghost's toxic aura wanes.
Dvd's ghost mumbles some strange words.
Dvd's ghost begins to radiate toxic energy.
You climb upwards.
The ghost fades into the shadows.
Dvd's ghost disappears!
* * * LOW HITPOINT WARNING * * *
You feel very sick.
There is a stone staircase leading down here.
It was a potion of lignification.
You turn into a tree.
Your +2 pair of boots melds into your body.
Your +0 robe melds into your body.
Your roots penetrate the ground.
* * * LOW HITPOINT WARNING * * *
You feel very sick.
It was a potion of haste.
You feel yourself speed up.
You die...

..............#.........#
#############.#.####..#.#
#.########.#.# #..#.#
#..........#.# #..#.#
####.##########.# #..#.# .....#
##.)....# #..#.#########
#########....#### #............#
..............#######.#.#######.#
.........###....♣..##.#.# #.#
.........'_#..####.##.#.# #.#
#######..###..####.##.#.# #.#
<...# #............##.#.# #.#
###.# #...............#.# #.#
....# #.####.......####.# #.#
##### #.# #..........#.#######.#
###.####.......##.#.........# ##
#..............##.###.......#


There were no monsters in sight!

Vanquished Creatures
  An ice beast (D:5)
  An ogre (D:4)
  2 hounds (D:4)
  2 worker ants (D:4)
  Ijyb (D:2)
  A worker ant zombie (D:5)
  5 adders
  A shadow imp (D:5)
  2 adder skeletons (D:4)
  A dart slug (D:1)
  4 leopard geckos
  4 orcs (D:3)
  A ball python (D:3)
  6 bats
  4 giant cockroaches
  5 goblins
  10 hobgoblins
  9 jackals
  A frilled lizard (D:5)
  5 kobolds
  10 rats
76 creatures vanquished.

Notes
Turn   | Place    | Note
-------+----------+-------------------------------------------
     0 | D:1      | lorenzova the Deep Elf Conjurer began the quest for the Orb.
     0 | D:1      | Reached XP level 1. HP: 10/10 MP: 6/6
   257 | D:1      | Reached XP level 2. HP: 15/15 MP: 5/8
   629 | D:1      | Reached skill level 4 in Spellcasting
  1081 | D:2      | Found a faded altar of an unknown god.
  1084 | D:2      | Reached XP level 3. HP: 19/19 MP: 8/10
  1191 | D:2      | Reached skill level 5 in Conjurations
  1235 | D:2      | Found a burning altar of Makhleb.
  1294 | D:2      | Found a deep blue altar of Sif Muna.
  1359 | D:2      | Became a worshipper of Sif Muna the Loreminder
  1438 | D:2      | Noticed Ijyb
  1447 | D:2      | Killed Ijyb
  1447 | D:2      | Reached skill level 5 in Spellcasting
  1447 | D:2      | Reached XP level 4. HP: 18/24 MP: 2/13
  1526 | D:2      | Learned a level 4 spell: Iskenderun's Mystic Blast
  1828 | D:3      | Found a shattered altar of Ashenzari.
  1941 | D:3      | Found an ancient bone altar of Kikubaaqudgha.
  2026 | D:3      | Found a sparkling altar of Nemelex Xobeh.
  2519 | D:4      | Reached XP level 5. HP: 14/28 MP: 2/15
  2904 | D:4      | Reached skill level 6 in Spellcasting
  2909 | D:4      | Reached * piety under Sif Muna
  3104 | D:4      | Noticed an ogre
  3108 | D:4      | Killed an ogre
  3108 | D:4      | Reached XP level 6. HP: 32/32 MP: 10/17
  3115 | D:4      | Learned a level 5 spell: Iskenderun's Battlesphere
  3125 | D:4      | Found a white marble altar of Elyvilon.
  3810 | D:4      | Reached skill level 1 in Charms
  3850 | D:5      | Entered Level 5 of the Dungeon
  3850 | D:5      | Noticed an ice beast
  3887 | D:5      | Killed an ice beast
  3887 | D:5      | Reached skill level 7 in Spellcasting
  4179 | D:5      | Noticed dvd's ghost (novice OpVM)
  4199 | D:4      | HP: 1/48 [poisoned by dvd's ghost (toxic radiance)]
  4200 | D:4      | Succumbed to dvd's ghost's toxic radiance

Skill      XL: |  1  2  3  4  5  6 |
---------------+-------------------+-----
Spellcasting   | 4 5 6 7 |  7.2
Conjurations   | 5 6 |  6.8
Charms         | 2 |  2.0
Dodging        | |  2.4
Stealth        | |  2.4

Action                   |  1- 3 |  4- 6 || total
-------------------------+-------+-------++-------
Melee: Trident           |       |     7 ||     7
 Cast: Magic Dart        |    73 |   128 ||   201
       Iskenderun's Myst |       |     5 ||     5
  Use: Potion            |       |     2 ||     2
  Eat: Chunk             |     1 |     8 ||     9
Armor: Robe              |     2 |    12 ||    14
Dodge: Dodged            |     7 |    38 ||    45
